Map: Kairos Junction LE

Players

Peppy - Winner!

  • Race: Protoss Protoss
  • League: Grandmaster
  • Spawn Location: 11:00

Misery

  • Race: Terran Terran
  • League: Master
  • Spawn Location: 5:00

VOD

Have the link to the VOD?

Description

Time

  • Played on: Jan. 2, 2019, 1:01 a.m.
  • Length: 19:24
Show
View Real Time Build Order
Export as new Build Order

Peppy Protoss - Winner!

Build Orders: 1 Gate Expand, Blink Stalkers 

Get SALT Encoding   

  12  0:01  Probe  
  13  0:13  Probe  
  14  0:21  Pylon  
  14  0:25  Probe  
  15  0:32  Assimilator  
  15  0:38  Probe  
  16  0:45  Gateway  
  16  0:47  Probe  
  16  0:55  Probe  
  18  1:05  Probe  
  19  1:18  Probe  
  20  1:26  Nexus  
  20  1:34  Cybernetics Core  
  20  1:37  Probe  
  21  1:42  Assimilator  
  21  1:48  Pylon  
  21  1:51  Probe  
  22  2:02  Stalker  
  22  2:03  Probe  
  23  2:14  Warp Gate  
  25  2:15  Probe  
  25  2:27  Probe  
  26  2:32  Stalker  
  28  2:38  Probe  
  28  2:40  Probe  
  30  2:50  Probe  
  31  2:52  Probe  
  31  2:53  Robotics Facility  
  31  2:57  Twilight Council  
  32  3:03  Probe  
  32  3:04  Probe  
  34  3:09  Stalker  
  36  3:15  Blink, Probe  
  36  3:16  Probe  
  38  3:22  Pylon  
  38  3:27  Probe  
  38  3:28  Probe  
  40  3:39  Pylon, Probe  
  40  3:40  Probe  
  42  3:45  Assimilator  
  42  3:47  Assimilator, Observer  
  43  3:51  Probe  
  43  3:52  Probe  
  43  3:53  Shield Battery  
  45  4:07  Gateway  
  45  4:10  Gateway  
  45  4:13  Probe x2  
  45  4:15  Observer  
  48  4:24  Stalker  
  48  4:25  Probe x2  
  48  4:31  Shield Battery  
  52  4:36  Observer  
  52  4:37  Probe x2  
  55  4:50  Stalker  
  52  5:11  Stalker x2  
  52  5:13  Probe  
  52  5:14  Probe  
  58  5:26  Stalker  
  58  5:27  Probe x2  
  62  5:34  Forge  
  62  5:35  Forge  
  61  5:39  Probe  
  62  5:43  Pylon  
  62  5:45  Pylon  
  62  5:46  Nexus  
  62  5:48  Protoss Ground Weapons Level 1  
  62  5:51  Pylon  
  62  5:54  Protoss Ground Armor Level 1  
  62  6:01  Probe  
  62  6:04  Observer  
  64  6:05  Probe  
  64  6:06  Charge  
  65  6:12  Probe  
  65  6:16  Probe, Gateway  
  65  6:17  Gateway  
  66  6:20  Pylon, Gateway, Probe  
  66  6:24  Probe  
  68  6:28  Probe  
  69  6:33  Stalker x2  
  69  6:34  Stalker  
  76  6:58  Stalker x3  
  82  7:05  Probe x3  
  85  7:13  Observer, Probe x3  
  86  7:15  Observer  
  86  7:21  Probe  
  86  7:22  Gateway  
  89  7:23  Gateway  
  89  7:26  Probe x2  
  89  7:28  Pylon  
  92  7:34  Probe  
  94  7:37  Stalker x6, Observer  
  94  7:41  Protoss Ground Armor Level 2  
  94  7:42  Templar Archives  
  106  7:46  Protoss Ground Weapons Level 2  
  106  8:04  Zealot x5  
  96  8:20  Zealot x3  
  96  8:22  Immortal  
  106  8:38  Pylon  
  106  8:39  Pylon  
  106  8:41  Zealot x5  
  92  8:52  Immortal  
  92  8:55  Zealot x3  
  92  9:01  Gateway  
  92  9:02  Gateway  
  96  9:03  Gateway  
  96  9:05  Gateway  
  96  9:06  Zealot x4  
  104  9:18  High Templar x4  
  104  9:22  Assimilator, Probe x3  
  115  9:26  Archon x2  
  115  9:33  Stalker x4  
  115  9:34  Probe  
  104  9:59  Zealot  
  106  10:00  Pylon, Zealot x5  
  106  10:01  Protoss Ground Weapons Level 3, Pylon  
  106  10:03  Protoss Ground Armor Level 3  
  116  10:07  Pylon  
  116  10:19  Assimilator  
  116  10:27  High Templar x2  
  116  10:28  Nexus, High Templar x2  
  124  10:29  Pylon  
  124  10:31  Archon  
  124  10:32  Archon  
  124  10:47  Probe x3  
  124  10:49  Stalker x5  
  136  11:01  Stalker  
  136  11:02  Stalker  
  140  11:04  Photon Cannon  
  140  11:14  Stalker x2  
  140  11:15  Stalker x2  
  142  11:35  Zealot x6  
  142  11:36  Zealot  
  156  11:46  High Templar x2  
  160  11:47  High Templar x2  
  160  11:51  Zealot  
  166  12:00  Zealot  
  166  12:01  Zealot x3  
  163  12:07  Archon  
  163  12:08  Archon  
  154  12:16  Probe x2  
  154  12:17  Probe  
  156  12:23  Probe  
  156  12:28  Probe x2  
  158  12:35  Probe x2  
  155  12:38  Stalker x3  
  155  12:41  Stalker  
  105  13:09  Stalker x2  
  72  13:20  Stalker x9  
  72  13:21  Stalker  
  88  13:33  Observer  
  88  13:35  Stalker x2  
  89  13:50  Zealot x10  
  109  14:16  Probe x4, Templar Archives  
  101  14:26  Stalker  
  101  14:27  Stalker x8  
  101  14:28  Probe  
  118  14:44  Zealot  
  118  14:45  Zealot x2  
  116  14:56  Stalker  
  116  14:57  Stalker x3  
  96  15:24  Stalker x3  
  96  15:25  Zealot x3  
  96  15:26  Zealot x5  
  118  15:29  Observer  
  118  15:35  Probe  
  118  15:36  Assimilator, Probe x2  
  118  15:38  Assimilator  
  103  16:16  Zealot x7  
  103  16:17  Zealot x4  
  105  17:06  Stalker x4  
  105  17:07  Stalker x5  
  115  17:09  Probe x3  
  118  17:19  Zealot x3  
  118  17:21  Nexus  
  124  17:36  Zealot x8  
  135  18:02  Stalker x7  
  135  18:03  Zealot  
  151  18:20  Pylon  
  151  18:21  Pylon  
  123  18:45  Stalker  
  123  18:46  Stalker x7  
Show
View Real Time Build Order
Export as new Build Order

Misery Terran 

Build Orders: Reaper Expand 

Get SALT Encoding   

  12  0:02  SCV  
  13  0:14  SCV  
  13  0:18  Supply Depot  
  14  0:26  SCV  
  15  0:40  SCV  
  15  0:42  Barracks  
  16  0:50  Refinery  
  16  0:52  SCV  
  17  1:04  SCV  
  18  1:16  SCV, Refinery  
  19  1:32  Orbital Command  
  19  1:34  Reaper  
  20  1:53  Command Center  
  20  1:59  SCV  
  21  2:11  Barracks Reactor  
  21  2:16  Factory  
  21  2:23  SCV  
  21  2:27  Supply Depot  
  22  2:35  SCV  
  23  2:49  SCV, Marine x2  
  26  3:00  Hellion  
  26  3:01  Starport, SCV  
  29  3:05  Orbital Command  
  29  3:09  Marine  
  30  3:19  Marine  
  31  3:21  SCV  
  31  3:24  Supply Depot  
  32  3:27  Marine  
  32  3:31  Widow Mine  
  32  3:33  SCV x2  
  37  3:38  Medivac  
  37  3:41  Marine  
  39  3:45  SCV  
  41  3:49  SCV  
  41  3:50  Marine  
  41  3:54  Factory Tech Lab  
  43  3:57  SCV  
  43  4:01  SCV, Marine  
  46  4:08  Marine  
  46  4:09  SCV  
  48  4:16  Starport Tech Lab  
  48  4:17  Siege Tank  
  48  4:21  Barracks, Marine  
  48  4:22  Barracks  
  52  4:24  SCV  
  52  4:28  Marine  
  52  4:29  Engineering Bay, Supply Depot  
  54  4:36  Cloaking Field  
  54  4:45  Banshee, SCV, Supply Depot  
  58  4:46  Marine  
  54  5:16  Marine x2  
  53  5:22  Siege Tank  
  53  5:25  Barracks Tech Lab  
  53  5:26  SCV x2, Barracks Tech Lab  
  56  5:30  Banshee  
  59  5:38  SCV  
  60  5:43  SCV, Command Center  
  60  5:46  Supply Depot, Terran Infantry Weapons Level 1  
  60  5:47  Refinery  
  60  5:49  Refinery  
  61  5:50  SCV  
  61  5:54  Siege Tank  
  65  5:59  Stimpack  
  65  6:00  Concussive Shells  
  65  6:02  SCV  
  65  6:03  SCV  
  67  6:08  Marine x2, Missile Turret  
  67  6:09  Marauder, Marine  
  72  6:14  SCV  
  72  6:15  Supply Depot  
  73  6:18  SCV  
  73  6:21  Supply Depot  
  74  6:26  SCV  
  74  6:31  Barracks  
  74  6:32  SCV  
  76  6:34  Starport Reactor  
  75  6:42  SCV  
  74  6:47  Supply Depot  
  74  6:48  Marine x2  
  74  6:49  Marauder x2, Supply Depot  
  80  6:57  Siege Tank  
  80  7:06  Marine x2  
  80  7:07  SCV x2  
  84  7:09  Orbital Command  
  84  7:10  Marauder  
  84  7:14  Medivac x2, Supply Depot x2  
  84  7:15  Marine  
  91  7:21  Armory  
  91  7:22  SCV  
  92  7:31  Marine x3  
  92  7:32  Marauder  
  92  7:33  Marauder  
  92  7:35  Combat Shield  
  99  7:39  SCV x2  
  101  7:47  Terran Infantry Armor Level 1  
  102  7:51  SCV x2  
  102  7:52  Supply Depot x2  
  102  7:54  Medivac x2  
  107  7:59  Orbital Command  
  107  8:03  SCV x2  
  107  8:04  Marine x2  
  107  8:05  Marauder x3  
  115  8:21  Marine  
  115  8:22  Widow Mine, Marine  
  115  8:23  SCV x2  
  115  8:26  Marauder  
  123  8:31  Engineering Bay  
  123  8:32  SCV  
  124  8:35  SCV x2  
  105  8:52  Marine x2  
  105  8:53  Marauder x2  
  105  8:55  Marine  
  103  8:56  Medivac x2, Siege Tank  
  109  9:10  Marine  
  109  9:12  SCV  
  109  9:13  SCV  
  109  9:17  Terran Infantry Weapons Level 2, Barracks x2  
  112  9:18  Barracks  
  112  9:20  SCV  
  111  9:24  Missile Turret  
  111  9:25  SCV x2  
  113  9:37  Marine x3  
  113  9:38  Marauder, Marine  
  116  9:39  Medivac x2  
  103  10:01  Marauder  
  103  10:02  SCV x2  
  103  10:03  Factory  
  103  10:04  Marine x2  
  103  10:05  Barracks Reactor, Marauder x2  
  113  10:07  Barracks Tech Lab  
  113  10:09  Barracks Reactor  
  113  10:10  SCV  
  112  10:14  SCV  
  112  10:16  Terran Infantry Armor Level 2  
  112  10:18  SCV  
  112  10:19  Liberator x2  
  114  10:21  Marine  
  114  10:22  SCV, Marauder  
  114  10:25  Supply Depot  
  114  10:26  SCV, Marauder x2, Supply Depot  
  114  10:27  Supply Depot  
  114  10:28  Supply Depot  
  123  10:30  SCV, Marine  
  123  10:31  Marauder  
  123  10:32  Widow Mine  
  123  10:33  Drilling Claws  
  123  10:34  SCV  
  130  10:37  Refinery  
  130  10:38  SCV  
  130  10:39  Refinery  
  130  10:40  Marine  
  130  10:42  SCV  
  139  10:44  Marauder  
  139  10:46  SCV  
  139  10:47  Marine x2  
  139  10:48  Marine  
  145  10:52  Marine  
  145  10:53  Marine x4  
  150  10:58  Marine  
  151  11:04  Marine  
  151  11:05  Factory Reactor, Marine x2  
  151  11:07  SCV x2, Marine  
  151  11:10  Marauder, Liberator x2  
  159  11:11  SCV  
  159  11:14  Marine  
  159  11:15  Marine  
  162  11:19  SCV, Command Center  
  162  11:23  Marauder x2  
  167  11:26  Marine x4  
  167  11:27  Marauder  
  167  11:29  Widow Mine  
  181  11:38  Marauder, Marine  
  184  11:44  Marauder  
  184  11:46  Marine x2  
  190  11:47  Marauder  
  190  11:49  Marauder  
  192  12:01  Marine x5  
  190  12:06  Marauder  
  186  12:08  Marauder  
  186  12:13  Marauder, Marine  
  186  12:19  Marauder  
  186  12:20  Marine x3  
  184  12:22  Medivac  
  184  12:23  Medivac  
  184  12:25  Widow Mine x3  
  184  12:27  Marauder  
  196  12:31  Marauder  
  196  12:33  Command Center  
  196  12:34  Marine x2  
  200  12:38  Orbital Command  
  166  13:09  Marine x4  
  166  13:10  Marauder x4  
  166  13:11  Siege Tank  
  166  13:12  Widow Mine x2  
  156  13:19  Marine  
  154  13:20  Marine  
  154  13:22  Medivac x2  
  154  13:27  Orbital Command, Marine x4  
  147  13:31  Marauder x2  
  147  13:32  Marauder, Marine  
  147  13:33  Widow Mine x2  
  147  13:34  Terran Infantry Weapons Level 3  
  162  13:37  Terran Infantry Armor Level 3  
  162  13:46  Refinery x2  
  141  13:51  Marine x5  
  141  13:52  Marauder  
  141  14:07  Marine x3  
  142  14:10  Marine  
  142  14:11  Marine x5  
  142  14:13  Marine  
  139  14:18  Orbital Command  
  130  14:25  Marine  
  130  14:26  Marauder x2  
  130  14:28  Marine x4  
  130  14:29  Marauder  
  130  14:30  SCV  
  130  14:31  SCV x2  
  144  14:39  Marauder, Marine  
  144  14:44  Medivac, Marine  
  129  14:54  Marine x2  
  110  15:07  Marine x3  
  110  15:08  Marauder x2, Marine  
  98  15:16  Marine x2  
  98  15:18  Marine  
  98  15:19  Marauder  
  94  15:41  Marine  
  94  15:42  Marauder, Marine x8  
  95  16:03  Marine x4  
  84  16:04  Marauder x2  
  59  16:20  Marine x3  
  59  16:21  Marine  
  59  16:24  Marine x2  
  62  16:26  Marauder x2  
  62  16:27  Marine  
  62  16:30  Medivac x2  
  62  16:31  Marine  
  68  16:38  Marine  
  68  16:39  Marauder  
  68  16:47  Marauder  
  68  16:52  Marine x4  
  68  16:53  Marine  
  59  16:56  Marine  
  59  17:00  Marauder  
  47  17:08  Marauder  
  47  17:10  Marine x3  
  47  17:14  Marine  
  47  17:15  Medivac x2  
  56  17:22  Marauder  
  58  17:23  Orbital Command  
  58  17:27  Widow Mine x2  
  58  17:28  Marine  
  64  17:30  Marauder, Marine  
  63  17:43  Marauder  
  65  17:46  Marine  
  65  17:48  Marine  
  69  17:51  Marauder  
  69  17:57  Orbital Command  
  68  18:04  Marauder  
  70  18:26  Marine  
Tags
 
Add a new tag
Caveats
  • Supply blocks, unpowered buildings, or Contaminate may cause inaccurate times.
  • Supply counts are checked every 10 seconds.